ORI
UNIVERSITY OF VIRGINIA CAVALIERS @ HAMILTON ROSS RAMS
11/27/2049
 
TOP OF THE 1ST
University of Virginia Cavaliers batting - Pitching for Arizona State University Sun Devils : RHP Wallace Werner
Pitching: RHP Wallace Werner
Batting: RHB Alex Ruschin 0-0: Ball
1-0: Ground out 6-3 (Groundball, 6S, EV 88.1 MPH)
Batting: RHB Luke Bertrand 0-0: Foul Ball, location: 2F
0-1: Ball
1-1: Ball
2-1: Ball
3-1: Ground out 6-3 (Groundball, 56, EV 83.8 MPH)
Batting: LHB Alex Aguilar 0-0: SINGLE (Line Drive, 4D, EV 108.1 MPH)
Batting: LHB Josh Glass 0-0: Ball
1-0: Called Strike
1-1: Foul Ball, location: 2F
1-2: Fly out, F7 (Flyball, 7S, EV 83.1 MPH)
Top of the 1st over - 0 runs, 1 hit, 0 errors, 1 left on base; University of Virginia 0 - Arizona State University 0
BOTTOM OF THE 1ST
Arizona State University Sun Devils batting - Pitching for University of Virginia Cavaliers : LHP Jerry Trevizo
Pitching: LHP Jerry Trevizo
Batting: RHB Rusty Gee 0-0: Ball
1-0: Ball
2-0: Called Strike
2-1: Called Strike
2-2: Foul Ball, location: 2F
2-2: Ground out U3 (Groundball, 3, EV 87.5 MPH)
Batting: LHB Timon Giorgiou 0-0: Ball
1-0: Called Strike
1-1: Ball
2-1: Swinging Strike
2-2: Strikes out looking
Batting: RHB Martin Boyle 0-0: Foul Ball, location: 2F
0-1: Ball
1-1: Foul Ball, location: 2F
1-2: Strikes out swinging
Bottom of the 1st over - 0 runs, 0 hits, 0 errors, 0 left on base; University of Virginia 0 - Arizona State University 0
TOP OF THE 2ND
University of Virginia Cavaliers batting - Pitching for Arizona State University Sun Devils : RHP Wallace Werner
Batting: RHB Rob Price 0-0: Called Strike
0-1: Ball
1-1: Ground out 6-3 (Groundball, 6, EV 92.5 MPH)
Batting: LHB Ray Nichter 0-0: Called Strike
0-1: Foul Ball, location: 2F
0-2: Foul Ball, location: 2F
0-2: Ground out U3 (Groundball, 3, EV 95.6 MPH)
Batting: RHB Rob Coble 0-0: Ground out 1-3 (Groundball, 15S, EV 72.5 MPH)
Top of the 2nd over - 0 runs, 0 hits, 0 errors, 0 left on base; University of Virginia 0 - Arizona State University 0
BOTTOM OF THE 2ND
Arizona State University Sun Devils batting - Pitching for University of Virginia Cavaliers : LHP Jerry Trevizo
Batting: LHB Randy Marquez 0-0: Ball
1-0: Ball
2-0: Called Strike
2-1: Foul Ball, location: 2F
2-2: Ball
3-2: Foul Ball, location: 2F
3-2: Foul Ball, location: 2F
3-2: Foul Ball, location: 2F
3-2: Ground out 6-3 (Groundball, 6, EV 81.2 MPH)
Batting: RHB Jun-hyuk Leem 0-0: Ball
1-0: Fly out, F9 (Line Drive, 89M, EV 91.2 MPH)
Batting: RHB Carl Evans 0-0: Swinging Strike
0-1: Swinging Strike
0-2: Hit by Pitch
Batting: RHB David Krebs 0-0: Called Strike
0-1: Ball
Carl Evans is caught stealing 2nd base 2-4
Bottom of the 2nd over - 0 runs, 0 hits, 0 errors, 0 left on base; University of Virginia 0 - Arizona State University 0
TOP OF THE 3RD
University of Virginia Cavaliers batting - Pitching for Arizona State University Sun Devils : RHP Wallace Werner
Batting: RHB Allen McCaskill 0-0: Ball
1-0: Foul Ball, location: 2F
1-1: Foul Ball, location: 2F
1-2: Foul Ball, location: 2F
1-2: Foul Ball, location: 2F
1-2: Foul Ball, location: 2F
1-2: Strikes out swinging
Batting: SHB Ethan Lewis 0-0: Called Strike
0-1: Foul Ball, location: 2F
0-2: Foul Ball, location: 2F
0-2: Strikes out swinging
Batting: RHB Alex Ruschin 0-0: Foul Ball, location: 2F
0-1: SINGLE (Groundball, 4M, EV 98.1 MPH) (infield hit)
Batting: RHB Luke Bertrand 0-0: Called Strike
0-1: Ball
1-1: Called Strike
Alex Ruschin is caught stealing 2nd base 2-4
Top of the 3rd over - 0 runs, 1 hit, 0 errors, 0 left on base; University of Virginia 0 - Arizona State University 0
BOTTOM OF THE 3RD
Arizona State University Sun Devils batting - Pitching for University of Virginia Cavaliers : LHP Jerry Trevizo
Batting: RHB David Krebs 0-0: Fly out, F4 (Popup, 4S, EV 78.8 MPH)
Batting: LHB Burraga Iukini 0-0: Ball
1-0: Called Strike
1-1: Ball
2-1: Ball
3-1: Called Strike
3-2: Strikes out swinging
Batting: RHB Israel Tobias 0-0: Ball
1-0: Swinging Strike
1-1: Called Strike
1-2: Ball
2-2: Strikes out looking
Bottom of the 3rd over - 0 runs, 0 hits, 0 errors, 0 left on base; University of Virginia 0 - Arizona State University 0
TOP OF THE 4TH
University of Virginia Cavaliers batting - Pitching for Arizona State University Sun Devils : RHP Wallace Werner
Batting: RHB Luke Bertrand 0-0: Ground out 6-3 (Groundball, 6, EV 99.4 MPH)
Batting: LHB Alex Aguilar 0-0: Swinging Strike
0-1: Called Strike
0-2: Strikes out swinging
Batting: LHB Josh Glass 0-0: Foul Ball, location: 2F
0-1: Ball
1-1: Ball
2-1: Foul Ball, location: 2F
2-2: Ground out U3 (Groundball, 3, EV 102.5 MPH)
Top of the 4th over - 0 runs, 0 hits, 0 errors, 0 left on base; University of Virginia 0 - Arizona State University 0
BOTTOM OF THE 4TH
Arizona State University Sun Devils batting - Pitching for University of Virginia Cavaliers : LHP Jerry Trevizo
Batting: RHB Rusty Gee 0-0: Ball
1-0: Ball
2-0: Ball
3-0: Base on Balls
Batting: LHB Timon Giorgiou 0-0: Called Strike
0-1: Ball
1-1: Swinging Strike
1-2: Strikes out swinging
Batting: RHB Martin Boyle 0-0: Called Strike
0-1: Ball
Wild Pitch!
Rusty Gee to second
1-1: Foul Ball, location: 2F
1-2: Foul Ball, location: 2F
1-2: Fly out, F7 (Flyball, 7, EV 89.4 MPH)
Batting: LHB Randy Marquez 0-0: Swinging Strike
0-1: Foul Ball, location: 2F
0-2: Foul Ball, location: 2F
0-2: Ball
1-2: Ball
2-2: SINGLE (Groundball, 6M, EV 108.8 MPH)
Rusty Gee to third
Runner from 3rd tries for Home, throw by CF and OUT! 8-2
Bottom of the 4th over - 0 runs, 1 hit, 0 errors, 1 left on base; University of Virginia 0 - Arizona State University 0
TOP OF THE 5TH
University of Virginia Cavaliers batting - Pitching for Arizona State University Sun Devils : RHP Wallace Werner
Batting: RHB Rob Price 0-0: Ball
1-0: SINGLE (Groundball, 4MD, EV 109.4 MPH)
Batting: LHB Ray Nichter 0-0: Ball
1-0: Ball
2-0: Called Strike
2-1: Foul Ball, location: 2F
2-2: Fly out, F7 (Flyball, 7S, EV 89.4 MPH)
Batting: RHB Rob Coble 0-0: Ball
1-0: Called Strike
1-1: Foul Ball, location: 2F
1-2: Ball
2-2: 2-RUN HOME RUN (Flyball, 7D, EV 91.2 MPH), Distance : 345 ft
Batting: RHB Allen McCaskill 0-0: Foul Ball, location: 2F
0-1: Foul Ball, location: 2F
0-2: Strikes out swinging
Batting: SHB Ethan Lewis 0-0: Called Strike
0-1: Ball
1-1: Ball
2-1: Called Strike
2-2: Strikes out swinging
Top of the 5th over - 2 runs, 2 hits, 0 errors, 0 left on base; University of Virginia 2 - Arizona State University 0
BOTTOM OF THE 5TH
Arizona State University Sun Devils batting - Pitching for University of Virginia Cavaliers : LHP Jerry Trevizo
Batting: RHB Jun-hyuk Leem 0-0: Ball
1-0: Foul Ball, location: 2F
1-1: Fly out, F9 (Flyball, 9, EV 86.2 MPH)
Batting: RHB Carl Evans 0-0: Foul Ball, location: 2F
0-1: Ball
1-1: Called Strike
1-2: Ball
2-2: Strikes out looking
Batting: RHB David Krebs 0-0: Called Strike
0-1: Ball
1-1: Ball
2-1: Ball
3-1: Fly out, F7 (Flyball, 78D, EV 106.2 MPH)
Bottom of the 5th over - 0 runs, 0 hits, 0 errors, 0 left on base; University of Virginia 2 - Arizona State University 0
TOP OF THE 6TH
University of Virginia Cavaliers batting - Pitching for Arizona State University Sun Devils : RHP Wallace Werner
Pitching: RHP Hector Morales
Batting: RHB Alex Ruschin 0-0: Ball
1-0: Called Strike
1-1: Swinging Strike
1-2: Ball
2-2: Fly out, F7 (Flyball, 7LM, EV 86.2 MPH)
Batting: RHB Luke Bertrand 0-0: Ball
1-0: Ground out 4-3 (Groundball, 4M, EV 93.1 MPH)
Batting: LHB Alex Aguilar 0-0: Called Strike
0-1: Swinging Strike
0-2: Ball
1-2: Ground out U3 (Groundball, 34D, EV 87.5 MPH)
Top of the 6th over - 0 runs, 0 hits, 0 errors, 0 left on base; University of Virginia 2 - Arizona State University 0
BOTTOM OF THE 6TH
Arizona State University Sun Devils batting - Pitching for University of Virginia Cavaliers : LHP Jerry Trevizo
Pitching: RHP Moses Villas
Batting: LHB Burraga Iukini 0-0: Ball
1-0: Foul Ball, location: 2F
1-1: Ball
2-1: Ball
3-1: Foul Ball, location: 2F
3-2: Foul Ball, location: 2F
3-2: Base on Balls
Batting: RHB Israel Tobias 0-0: Called Strike
0-1: Called Strike
Burraga Iukini steals 2nd, throwing error, E2
Burraga Iukini to third
0-2: Ball
1-2: Ball
2-2: Fly out, F8 (Flyball, 89S, EV 89.4 MPH)
Batting: RHB Rusty Gee 0-0: Fly out, F7 (Flyball, 7D, EV 89.4 MPH)
Runner from 3rd tags up, SCORES, throw by LF
Batting: LHB Timon Giorgiou 0-0: Called Strike
0-1: Called Strike
0-2: Foul Ball, location: 2F
0-2: Strikes out swinging
Bottom of the 6th over - 1 run, 0 hits, 1 error, 0 left on base; University of Virginia 2 - Arizona State University 1
TOP OF THE 7TH
University of Virginia Cavaliers batting - Pitching for Arizona State University Sun Devils : RHP Hector Morales
Batting: LHB Josh Glass 0-0: Ball
1-0: Foul Ball, location: 2F
1-1: Foul Ball, location: 2F
1-2: Foul Ball, location: 2F
1-2: Ball
2-2: Ball
3-2: SOLO HOME RUN (Flyball, 9D, EV 95.0 MPH), Distance : 342 ft
Batting: RHB Rob Price 0-0: Ball
1-0: Fly out, F9 (Flyball, 89M, EV 75.6 MPH)
Batting: LHB Ray Nichter 0-0: Called Strike
0-1: Ball
1-1: Foul Ball, location: 2F
1-2: Strikes out swinging
Batting: RHB Rob Coble 0-0: Ball
1-0: Called Strike
1-1: Ball
2-1: Swinging Strike
2-2: Strikes out swinging
Top of the 7th over - 1 run, 1 hit, 0 errors, 0 left on base; University of Virginia 3 - Arizona State University 1
BOTTOM OF THE 7TH
Arizona State University Sun Devils batting - Pitching for University of Virginia Cavaliers : RHP Moses Villas
Pitching: LHP Cory Byler
Batting: RHB Martin Boyle 0-0: Ground out 1-3 (Groundball, 13S, EV 71.9 MPH)
Batting: LHB Randy Marquez 0-0: Called Strike
0-1: Swinging Strike
0-2: Foul Ball, location: 2F
0-2: Strikes out swinging
Batting: RHB Jun-hyuk Leem 0-0: Foul Ball, location: 2F
0-1: Foul Ball, location: 2F
0-2: SINGLE (Line Drive, 4D, EV 95.0 MPH)
Batting: RHB Carl Evans 0-0: Fly out, F9 (Flyball, 9S, EV 85.0 MPH)
Bottom of the 7th over - 0 runs, 1 hit, 0 errors, 1 left on base; University of Virginia 3 - Arizona State University 1
TOP OF THE 8TH
University of Virginia Cavaliers batting - Pitching for Arizona State University Sun Devils : RHP Hector Morales
Pitching: LHP Jorge Ruiz
Batting: RHB Allen McCaskill 0-0: Ground out 4-3 (Groundball, 4, EV 85.0 MPH)
Batting: SHB Ethan Lewis 0-0: Called Strike
0-1: Called Strike
0-2: Ball
1-2: Fly out, F8 (Flyball, 8LD, EV 87.5 MPH)
Batting: RHB Alex Ruschin 0-0: Ball
1-0: Ball
2-0: Called Strike
2-1: SINGLE (Groundball, 6MD, EV 113.1 MPH)
Batting: RHB Luke Bertrand 0-0: Ball
Alex Ruschin is caught stealing 2nd base 2-4
Top of the 8th over - 0 runs, 1 hit, 0 errors, 0 left on base; University of Virginia 3 - Arizona State University 1
BOTTOM OF THE 8TH
Arizona State University Sun Devils batting - Pitching for University of Virginia Cavaliers : LHP Cory Byler
Pitching: RHP Vince Connell
Batting: RHB David Krebs 0-0: Called Strike
0-1: Called Strike
0-2: Ball
1-2: Ball
2-2: Ball
3-2: Foul Ball, location: 2F
3-2: Reached on error, E6 (Groundball, 6, EV 93.1 MPH)
Pinch Hitting: LHB Dustin Gill 0-0: Ball
1-0: Swinging Strike
1-1: Called Strike
1-2: Foul Ball, location: 2F
1-2: Ground out 4-3 (Groundball, 4, EV 86.9 MPH)
David Krebs to third
Batting: RHB Israel Tobias 0-0: Called Strike
0-1: Ball
1-1: Ball
2-1: Ball
3-1: Foul Ball, location: 2F
3-2: Base on Balls
Batting: RHB Rusty Gee 0-0: Ball
1-0: Called Strike
1-1: Ball
2-1: Foul Ball, location: 2F
2-2: Foul Ball, location: 2F
2-2: Fly out, F8 (Flyball, 8LM, EV 94.4 MPH)
Runner from 3rd tags up, SCORES, throw by CF
Batting: LHB Timon Giorgiou 0-0: Ball
1-0: Ball
2-0: Ball
3-0: Base on Balls
Israel Tobias to second
Batting: RHB Martin Boyle 0-0: Called Strike
0-1: Ball
1-1: Ball
2-1: Fielders Choice at 2nd, 5-4 (Groundball, 5, EV 88.8 MPH)
Bottom of the 8th over - 1 run, 0 hits, 1 error, 2 left on base; University of Virginia 3 - Arizona State University 2
TOP OF THE 9TH
University of Virginia Cavaliers batting - Pitching for Arizona State University Sun Devils : LHP Jorge Ruiz
Pitching: RHP Andrew Frugoli
Now in LF: Dustin Gill
Batting: RHB Luke Bertrand 0-0: Ball
1-0: Ball
2-0: Foul Ball, location: 2F
2-1: Ball
3-1: Foul Ball, location: 2F
3-2: Base on Balls
Batting: LHB Alex Aguilar 0-0: Ball
1-0: Called Strike
Luke Bertrand steals 2nd base
1-1: Called Strike
1-2: Single, Error in OF, E8, batter to second base (Groundball, 4MD, EV 96.9 MPH)
Luke Bertrand scores
Batting: LHB Josh Glass 0-0: Intentional Walk
Batting: RHB Rob Price 0-0: Ball
Wild Pitch!
Alex Aguilar to third
Josh Glass to second
1-0: Ball
2-0: Ball
3-0: Base on Balls
Batting: LHB Ray Nichter 0-0: Ball
1-0: Called Strike
1-1: Foul Ball, location: 2F
1-2: Foul Ball, location: 2F
1-2: Strikes out swinging
Batting: RHB Rob Coble 0-0: Called Strike
0-1: Ball
1-1: Foul Ball, location: 2F
1-2: Strikes out swinging
Batting: RHB Allen McCaskill 0-0: Called Strike
0-1: Ball
1-1: Fly out, F7 (Flyball, 7D, EV 101.2 MPH)
Top of the 9th over - 1 run, 1 hit, 1 error, 3 left on base; University of Virginia 4 - Arizona State University 2
BOTTOM OF THE 9TH
Arizona State University Sun Devils batting - Pitching for University of Virginia Cavaliers : RHP Vince Connell
Pitching: RHP Gregory Reader
Now at 2B: Jason Thresher
Pinch Hitting: RHB Kawenaula Kapali 0-0: Swinging Strike
0-1: Ball
1-1: Called Strike
1-2: Strikes out looking
Batting: RHB Jun-hyuk Leem 0-0: Ground out 4-3 (Groundball, 4M, EV 89.4 MPH)
Batting: RHB Carl Evans 0-0: Fly out, F8 (Flyball, 8LD, EV 80.6 MPH)
Bottom of the 9th over - 0 runs, 0 hits, 0 errors, 0 left on base; University of Virginia 4 - Arizona State University 2
Sunday, July 16th , 2023 - OOTP Baseball 24.6 Build 69